 Dungeon Crawl Stone Soup version 0.26-a0-812-g31a745ddcd (webtiles) character file.

Game seed: 11200961634335316176

98 vurker the Sneak (level 4, 17/32 HPs)
             Began as a Gnoll Enchanter on Dec 7, 2020.
             Quit the game on level 1 of the Abyss.
             The game lasted 00:03:17 (2777 turns).

vurker the Sneak (Gnoll Enchanter)                  Turns: 2777, Time: 00:03:18

Health: 17/32      AC:  1    Str: 10    XL:     4   Next: 69%
Magic:  11/11      EV: 15    Int: 18    God:
Gold:   81         SH:  0    Dex: 16    Spells: 12/13 levels left

rFire    . . .     SeeInvis .   a - +2 dagger
rCold    . . .     Faith    .   (no shield)
rNeg     . . .     Spirit   .   k - -1 robe (curse)
rPois    .         Reflect  .   (no helmet)
rElec    .         Harm     .   (no cloak)
rCorr    .         Rampage  .   (no gloves)
MR       .....                  (no boots)
Stlth    +++.......             (no amulet)
HPRegen  0.10/turn              (no ring)
MPRegen  0.12/turn              (no ring)

@: no status effects
A: distributed training, fangs 1, strong nose
a: no special abilities


You were on level 1 of the Abyss.
You visited 1 branch of the dungeon, and saw 3 of its levels.
You visited the Abyss 1 time.

You collected 81 gold pieces.

Inventory:

Hand Weapons
 a - a +2 dagger (weapon)
Missiles
 e - 2 poisoned darts (quivered)
Armour
 b - a +0 robe
 c - a +2 scale mail of poison resistance
   (You took it off an orc on level 3 of the Dungeon)
 k - a cursed -1 robe (worn)
   (You found it on level 3 of the Dungeon)
Scrolls
 g - 3 scrolls of immolation
Potions
 d - a potion of ambrosia {unknown}
 f - a potion of might
 h - a potion of lignification {unknown}
 j - a potion of invisibility {unknown}


   Skills:
 + Level 1.2 Fighting
 + Level 2.8 Short Blades
 + Level 1.2 Long Blades
 + Level 1.2 Axes
 + Level 1.2 Maces & Flails
 + Level 1.2 Polearms
 + Level 1.2 Staves
 + Level 1.2 Slings
 + Level 1.2 Bows
 + Level 1.2 Crossbows
 + Level 1.2 Throwing
 + Level 1.2 Armour
 + Level 4.7 Dodging
 + Level 6.1 Stealth
 + Level 1.2 Shields
 + Level 1.2 Unarmed Combat
 + Level 5.1 Spellcasting
 + Level 1.0 Conjurations
 + Level 5.5 Hexes
 + Level 1.0 Summonings
 + Level 1.0 Necromancy
 + Level 1.0 Translocations
 + Level 1.0 Transmutations
 + Level 1.0 Fire Magic
 + Level 1.0 Ice Magic
 + Level 1.0 Air Magic
 + Level 1.0 Earth Magic
 + Level 1.0 Poison Magic
 + Level 1.3 Invocations
 + Level 1.2 Evocations


You had 12 spell levels left.
You knew the following spells:

 Your Spells              Type           Power        Failure   Level
a - Corona                Hex            ###....      1%          1

Your spell library contained the following spells:

 Spells                   Type           Power        Failure   Level
 Confusing Touch          Hex            ###.....     4%          3
 Tukima's Dance           Hex            ###.....     4%          3
 Ensorcelled Hibernation  Hex/Ice        ###...       5%          2
 Dazzling Flash           Conj/Hex       ###...       11%         3


Dungeon Overview and Level Annotations

Branches:
Dungeon (3/15)

Altars:
Kikubaaqudgha


Innate Abilities, Weirdness & Mutations

Your experience applies equally to all skills.
You have very sharp teeth.
Your uncanny sense of smell can sniff out nearby items.


Message History

You completely miss the leopard gecko. The leopard gecko barely misses you.
You hit the leopard gecko.
You kill the leopard gecko!
No target in view!
A ball python comes into view.
A ball python is nearby!
A frilled lizard and an orc come into view.
The orc moves out of view.
A rat and 2 orcs come into view.
An orc is wielding a +2 whip of distortion.
The ball python hisses angrily.
The orc shouts! x3; You hear a shout!
Found 17 arrows.
The frilled lizard hisses angrily.
You hit the ball python. The ball python closely misses you.
The ball python completely misses you.
You barely miss the ball python. The ball python closely misses you.
The ball python grabs you. The ball python constricts you.
You hit the ball python but do no damage.
The ball python bites you. The ball python constricts you.
Throwing (i - inventory)
e - 6 poisoned darts (quivered)
Aim: an orc, wielding a +2 whip of distortion You throw a poisoned dart.
The poisoned dart hits the ball python.
The ball python is poisoned.
You kill the ball python!
Throwing (i - inventory)
e - 5 poisoned darts (quivered)
Aim: an orc, wielding a +2 whip of distortion You throw a poisoned dart.
The poisoned dart hits the orc.
The orc hits you with a +2 whip of distortion.
Space warps horribly around you.
Throwing (i - inventory)
e - 4 poisoned darts (quivered)
Aim: an orc, wielding a +2 whip of distortion You throw a poisoned dart.
The poisoned dart closely misses the orc.
The orc closely misses you. The orc completely misses you.
Throwing (i - inventory)
e - 3 poisoned darts (quivered)
Aim: an orc, wielding a +2 whip of distortion You throw a poisoned dart.
The poisoned dart hits the orc.
The orc hits you with a +2 whip of distortion.
Space bends around you.
* * * LOW HITPOINT WARNING * * *
There is a stone staircase leading down here.
Things that are here:
a +0 flail; an orc skeleton
There is a stone staircase leading up here.
The orc hits you but does no damage.
You are cast into the Abyss!
You stop ascending the stairs.
To return, you must find a gate leading back.
Killing monsters will force the Abyss to allow you passage.
This branch contains the abyssal rune of Zot.

.. .
.##
..#
#.# ∆
#.##
#..##
#@..#
##..#
...#
...#
....#
#...#∆
...#
.#..


There were no monsters in sight!

Vanquished Creatures
  An orc wizard (D:3)
  2 adders (D:3)
  A worm (D:2)
  2 dart slugs (D:1)
  3 leopard geckos
  An orc (D:3)
  A ball python (D:3)
  4 bats (D:1)
  A giant cockroach (D:2)
  8 goblins
  5 hobgoblins
  3 jackals (D:1)
  3 kobolds (D:2)
  A quokka (D:2)
  A frilled lizard (D:1)
  6 rats
43 creatures vanquished.

Notes
Turn   | Place    | Note
-------+----------+-------------------------------------------
     0 | D:1      | vurker the Gnoll Enchanter began the quest for the Orb.
     0 | D:1      | Reached XP level 1. HP: 13/13 MP: 6/6
   231 | D:1      | Reached XP level 2. HP: 19/19 MP: 7/7
   312 | D:1      | HP: 1/20 [hobgoblin/+0 club (3)]
   784 | D:1      | Reached XP level 3. HP: 25/25 MP: 9/9
   847 | D:1      | Reached skill level 5 in Spellcasting
  1148 | D:2      | Reached skill level 6 in Stealth
  1264 | D:2      | Reached skill level 1 in Invocations
  1901 | D:2      | Found an ancient bone altar of Kikubaaqudgha.
  1994 | D:2      | Reached skill level 1 in Fighting
  1994 | D:2      | Reached skill level 1 in Long Blades
  1994 | D:2      | Reached skill level 1 in Axes
  1994 | D:2      | Reached skill level 1 in Maces & Flails
  1994 | D:2      | Reached skill level 1 in Polearms
  1994 | D:2      | Reached skill level 1 in Staves
  1994 | D:2      | Reached skill level 1 in Slings
  1994 | D:2      | Reached skill level 1 in Bows
  1994 | D:2      | Reached skill level 1 in Crossbows
  1994 | D:2      | Reached skill level 1 in Throwing
  1994 | D:2      | Reached skill level 1 in Armour
  1994 | D:2      | Reached skill level 1 in Shields
  1994 | D:2      | Reached skill level 1 in Unarmed Combat
  1994 | D:2      | Reached skill level 1 in Evocations
  2104 | D:3      | Reached XP level 4. HP: 23/32 MP: 11/11
  2399 | D:3      | HP: 1/32 [orc/+0 flail (8)]
  2728 | D:3      | Reached skill level 1 in Conjurations
  2728 | D:3      | Reached skill level 1 in Summonings
  2728 | D:3      | Reached skill level 1 in Necromancy
  2728 | D:3      | Reached skill level 1 in Translocations
  2728 | D:3      | Reached skill level 1 in Transmutations
  2728 | D:3      | Reached skill level 1 in Fire Magic
  2728 | D:3      | Reached skill level 1 in Ice Magic
  2728 | D:3      | Reached skill level 1 in Air Magic
  2728 | D:3      | Reached skill level 1 in Earth Magic
  2728 | D:3      | Reached skill level 1 in Poison Magic
  2776 | D:3      | Cast into level 1 of the Abyss (orc)
  2777 | Abyss:1  | Quit the game

Illustrated notes

Levels and vault maps discovered:
D:1:      saegor_arrival_miasma, layout_loops_ring
D:2:      layout_rooms, marbit_many_paths
D:3:      layout_rooms, old_standard_altar
Abyss:1:  base:
D:3

Skill      XL: |  1  2  3  4 |
---------------+-------------+-----
Spellcasting   | 5 |  5.1
Stealth        | 6 |  6.1
Invocations    | 1 |  1.3
Fighting       | 1 |  1.2
Long Blades    | 1 |  1.2
Axes           | 1 |  1.2
Maces & Flails | 1 |  1.2
Polearms       | 1 |  1.2
Staves         | 1 |  1.2
Slings         | 1 |  1.2
Bows           | 1 |  1.2
Crossbows      | 1 |  1.2
Throwing       | 1 |  1.2
Armour         | 1 |  1.2
Shields        | 1 |  1.2
Unarmed Combat | 1 |  1.2
Evocations     | 1 |  1.2
Conjurations   | 1 |  1.0
Summonings     | 1 |  1.0
Necromancy     | 1 |  1.0
Translocations | 1 |  1.0
Transmutations | 1 |  1.0
Fire Magic     | 1 |  1.0
Ice Magic      | 1 |  1.0
Air Magic      | 1 |  1.0
Earth Magic    | 1 |  1.0
Poison Magic   | 1 |  1.0
Short Blades   | |  2.8
Dodging        | |  4.7
Hexes          | |  5.5

Action                   |  1- 3 |  4- 6 || total
-------------------------+-------+-------++-------
Melee: Dagger            |   152 |    21 ||   173
       Bite              |    10 |     1 ||    11
Throw: Dart              |     3 |     8 ||    11
  Use: Scroll            |     3 |     1 ||     4
 Stab: Sleeping          |     7 |     1 ||     8
Armor: Robe              |    20 |     1 ||    21
Dodge: Dodged            |    97 |    16 ||   113

Table legend: (Time is in decaauts)
 A = Elapsed time spent in this place.
 B = Non-inter-level travel time spent in this place.
 C = Inter-level travel time spent in this place.
 D = Time resting spent in this place.
 E = Time spent auto-exploring this place.
 F = Levels seen in this place.
 G = Mean time per level.
                   A        B        C        D        E       F      G
               +--------+--------+--------+--------+--------+-----+--------+
         Total |   2758 |   2714 |     44 |    501 |   1796 |   4 |  689.5 |
       Dungeon |   2757 |   2713 |     44 |    501 |   1796 |   3 |  919.0 |
         Abyss |      0 |      0 |      0 |      0 |      0 |   1 |    0.0 |
               +--------+--------+--------+--------+--------+-----+--------+

Top non-repeatable levels by time:
     D:2: 1533 daAuts
     D:1: 1032 daAuts
     D:3: 191 daAuts
 Abyss:1: 0 daAuts
